 Dungeon Crawl Stone Soup version 0.26-b1-32-g5d43845318 (webtiles) character file.

Game seed: 4379412543259726397

212 wakim the Changer (level 5, -5/37 HPs)
             Began as a Merfolk Transmuter on Jan 11, 2021.
             Slain by a gnoll
             ... wielding a +0 spear
              (10 damage)
             ... on level 3 of the Dungeon.
             The game lasted 00:14:17 (2896 turns).

wakim the Changer (Merfolk Transmuter)              Turns: 2896, Time: 00:14:18

Health: -5/37      AC:  9    Str: 10    XL:     5   Next: 89%
Magic:  9/9        EV: 13    Int: 13    God:
Gold:   92         SH:  0    Dex: 15    Spells: 6/10 levels left

rFire    . . .     SeeInvis .   o - +7 flail (protect)
rCold    . . .     Faith    .   (no shield)
rNeg     . . .     Spirit   .   m - +0 robe
rPois    .         Reflect  .   (helmet currently unavailable)
rElec    .         Harm     .   (no cloak)
rCorr    .         Rampage  .   (no gloves)
Will     .....                  (boots currently unavailable)
Stlth    +.........             f - amulet of the acrobat
HPRegen  0.12/turn              (no ring)
MPRegen  0.11/turn              (no ring)

@: appendages (expiring), protection aura
A: change form in water, swift swim, stealthy swim, horns 2
a: End Transformation


You were on level 3 of the Dungeon.
You had grown temporary horns.
You visited 1 branch of the dungeon, and saw 3 of its levels.

You collected 92 gold pieces.

Inventory:

Hand Weapons
 o - a +7 flail of protection (weapon)
Armour
 m - a +0 robe (worn)
Jewellery
 f - an amulet of the acrobat (around neck)
Scrolls
 a - a scroll of immolation {unknown}
 c - 5 scrolls of identify {unknown}
 e - 5 scrolls of teleportation {unknown}
 g - 2 scrolls of fog {unknown}
 i - a scroll of noise {unknown}
 k - a scroll of fear {unknown}
 n - 4 scrolls of remove curse {unknown}
Potions
 b - a potion of brilliance {unknown}
 d - a potion of curing {unknown}
 h - a potion of might {unknown}
 j - a potion of berserk rage {unknown}
 l - a potion of haste {unknown}
 p - a potion of magic {unknown}


   Skills:
 - Level 1.1 Fighting
 - Level 2.6 Dodging
 + Level 4.6 Unarmed Combat
 + Level 3.2 Spellcasting
 + Level 4.6 Transmutations
 + Level 2.2 Poison Magic


You had 6 spell levels left.
You knew the following spells:

 Your Spells              Type           Power        Failure   Level
a - Beastly Appendage     Tmut           28%          3%          1
b - Spider Form           Tmut/Pois      5%           16%         3

Your spell library contained the following spells:

 Spells                   Type           Power        Failure   Level
 Wereblood                Tmut           14%          4%          2
 Ice Form                 Ice/Tmut       8%           65%         4
 Blade Hands              Tmut           7%           67%         5


Dungeon Overview and Level Annotations

Branches:
Dungeon (3/15)

Altars:
Ru
Yredelemnul


Innate Abilities, Weirdness & Mutations

You revert to your normal form in water.
You are very nimble and swift while swimming.
You are very stealthy in the water. (Stealth+)
You have a pair of horns on your head.


Message History

You closely miss the gnoll. Your headbutt misses the gnoll.
The gnoll is severely wounded.
The gnoll closely misses you.
The gnoll hits you from afar with a +0 spear.
The gnoll barely misses you.
You closely miss the gnoll.
The gnoll is severely wounded.
The gnoll closely misses you. The gnoll hits you but does no damage.
The gnoll hits you with a +0 halberd.
You completely miss the gnoll.
The gnoll is severely wounded.
Your transformation is almost over.
The gnoll barely misses you. The gnoll hits you with a +0 halberd!
* * * LOW HITPOINT WARNING * * *
You sock the gnoll!
Your weapon exudes an aura of protection.
You kill the gnoll!
The gnoll closely misses you.
The gnoll hits you from afar with a +0 spear!
You die...

............##
##.#.######...## ....#
#.....# #.#.# ##...##
#!#.######..#####.#.
#.#[..................
#.....######.#########
#####.######.#
#g)@.....# ##########


You could see a gnoll.

Vanquished Creatures
  A big kobold (D:2)
  Terence (D:2)
  4 adders
  4 gnolls
  An adder skeleton (D:2)
  3 dart slugs
  A worm (D:2)
  A leopard gecko (D:2)
  3 giant cockroaches
  6 goblins
  3 hobgoblins
  4 jackals (D:1)
  4 kobolds
  4 bats
  5 frilled lizards
  4 rats (D:1)
49 creatures vanquished.

Notes
Turn   | Place    | Note
-------+----------+-------------------------------------------
     0 | D:1      | wakim the Merfolk Transmuter began the quest for the Orb.
     0 | D:1      | Reached XP level 1. HP: 15/15 MP: 3/3
   333 | D:1      | You fall into a shaft and drop 1 floor!
   369 | D:1      | Reached XP level 2. HP: 20/21 MP: 5/5
   993 | D:1      | Reached XP level 3. HP: 24/26 MP: 4/6
   997 | D:1      | Learned a level 3 spell: Spider Form
  1037 | D:2      | Noticed Terence
  1171 | D:2      | Noticed a big kobold
  1182 | D:2      | Killed a big kobold
  1183 | D:2      | Reached skill level 1 in Poison Magic
  1183 | D:2      | Reached XP level 4. HP: 28/32 MP: 6/8
  1183 | D:2      | Reached XP level 5. HP: 33/37 MP: 6/9
  1243 | D:2      | Found a sacrificial altar of Ru.
  2285 | D:2      | Killed Terence
  2698 | D:3      | Found a basalt altar of Yredelemnul.
  2896 | D:3      | Slain by a gnoll

Illustrated notes

Levels and vault maps discovered:
D:1:      matt_arrival_spirals, layout_loops_ring
D:2:      layout_rooms, nicolae_ru_path_of_blood, chequers_decorated_corner,
          uniq_terence
D:3:      layout_loops_corners, gup_sewer_entry_pipe, yredelemnul_altar_generic

Skill      XL: |  1  2  3  4  5 |
---------------+----------------+-----
Transmutations | 3 4 |  4.6
Unarmed Combat | 4 |  4.6
Poison Magic   | 1 2 |  2.2
Spellcasting   | 3 |  3.2
Fighting       | |  1.1
Dodging        | |  2.6

Action                   |  1- 3 |  4- 6 || total
-------------------------+-------+-------++-------
Melee: Dagger            |    48 |    32 ||    80
       Unarmed           |     5 |    12 ||    17
       Headbutt          |     4 |     6 ||    10
       Punch             |     1 |     1 ||     2
       Flail             |       |    30 ||    30
 Cast: Beastly Appendage |     6 |    13 ||    19
       Spider Form       |       |     3 ||     3
 Stab: Sleeping          |     2 |       ||     2
Armor: Robe              |    10 |     8 ||    18
       Skin              |       |     1 ||     1
Dodge: Dodged            |    21 |    67 ||    88
